 Dungeon Crawl Stone Soup version 0.29.1-15-g9cfb28693d (webtiles) character file.

Game seed: 2357470393061292949

518 Heoruswealwe the Magician (level 7, -5/54 HPs)
             Began as a Deep Elf Conjurer on Feb 22, 2023.
             Was a Priest of Sif Muna.
             Killed by an exploding iguana (12 damage)
             ... ignited by their inner flame
             ... on level 4 of the Dungeon.
             The game lasted 00:57:01 (3559 turns).

Heoruswealwe the Magician (Deep Elf Conjurer)       Turns: 3559, Time: 00:57:03

Health: -5/54      AC: 23    Str:  4    XL:     7   Next: 1%
Magic:  6/28       EV:  2    Int: 25    God:    Sif Muna [***...]
Gold:   143        SH:  0    Dex: 19    Spells: 17/20 levels left

rFire   . . .      SeeInvis .   z - +0 falchion
rCold   . . .      Faith    .   (no shield)
rNeg    . . .      Spirit   .   (body armour currently unavailable)
rPois   +          Reflect  .   (helmet currently unavailable)
rElec   .          Harm     .   (cloak currently unavailable)
rCorr   .          Rampage  .   (gloves currently unavailable)
Will    .....      NoTele   +   (boots currently unavailable)
Stlth   ++........              (no amulet)
HPRegen 0.18/turn               i - ring of magical power
MPRegen 0.21/turn               y - +6 ring of dexterity

@: tree-form
A: stationary, stasis, torment immunity, boosted hp
a: Renounce Religion, Channel Magic, Forget Spell


You were on level 4 of the Dungeon.
You worshipped Sif Muna.
Sif Muna was most pleased with you.
You were a tree.
You visited 1 branch of the dungeon, and saw 4 of its levels.

You collected 143 gold pieces.

Inventory:

Hand Weapons
 b - a +0 giant club
 c - a +0 dagger
 h - a +0 club
 z - a +0 falchion (weapon)
Armour
 n - a +1 pair of boots (melded)
 w - a +0 animal skin (melded)
 x - a +2 helmet (melded)
Jewellery
 i - a ring of magical power (left branch)
 k - a ring of positive energy
 y - a +6 ring of dexterity (right branch)
Wands
 d - a wand of light (13)
Scrolls
 a - a scroll of identify
 f - a scroll of enchant weapon
 g - a scroll of teleportation
 l - a scroll of immolation
 B - a scroll of amnesia
Potions
 j - 3 potions of haste


   Skills:
 - Level 2.4 Dodging
 - Level 2.4 Stealth
 + Level 7.4 Spellcasting
 + Level 7.2 Conjurations


You had 17 spell levels left.
You knew the following spells:

 Your Spells              Type           Power      Damage    Failure   Level
a - Magic Dart            Conj           100%       1d8       1%          1
b - Searing Ray           Conj           90%        2d7       1%          2

Your spell library contained the following spells:

 Spells                   Type           Power      Damage    Failure   Level
 Dazzling Flash           Conj/Hex       54%        N/A       4%          3
 Freeze                   Ice            36%        1d6       6%          1
 Fulminant Prism          Conj/Hex       13%        3d9       14%         4
 Hailstorm                Conj/Ice       27%        3d7       14%         4
 Iskenderun's Mystic Bla  Conj/Tloc      27%        2d7       14%         4
 Frozen Ramparts          Ice            18%        1d3       19%         3


Dungeon Overview and Level Annotations

Branches:
Dungeon (4/15)
 Temple: D:4-7

Altars:
Sif Muna


Message History

Something hits you but does no damage. The iguana bites you!
* * * LOW HITPOINT WARNING * * *
The orc hits you but does no damage.
Okay, then.
Really read the scroll of immolation?
As you read the scroll of immolation, it crumbles to dust.
The creatures around you are filled with an inner flame!
Something hits you but does no damage.
The iguana bites you but does no damage.
The orc hits you but does no damage.
You completely miss the iguana.
The iguana is moderately wounded.
Something hits you but does no damage.
The iguana bites you but does no damage.
The orc hits you but does no damage.
You completely miss the iguana.
The iguana is moderately wounded.
You hear some strange, mumbled words.
A magic dart appears from out of thin air!
The magic dart hits you but does no damage.
The iguana bites you but does no damage.
The orc hits you but does no damage.
You hear some strange, mumbled words.
A puff of flame appears from out of thin air!
The puff of flame hits you but does no damage.
The iguana bites you!
* * * LOW HITPOINT WARNING * * *
Okay, then.
You barely miss the iguana.
The iguana is moderately wounded.
The orc hits you but does no damage. Something hits you but does no damage.
The iguana bites you but does no damage.
You hit the iguana.
Flame seeps out of the iguana.
The iguana is heavily wounded.
The orc hits you but does no damage. Something hits you but does no damage.
The iguana is engulfed in blazing flames.
Sif Muna accepts your kill.
The iguana explodes!
The fiery explosion engulfs you!
You die...

######## #......# #
########......# ##.
#.............# #..
###..........###### #..
#≈####.o.....#....#####..
≈≈≈##.{♣§§..............
#≈≈#.##○§..............
##≈≈#.##§§..............
####.≈≈..#.................
.....≈≈..#....##....###....
.w.~.~{~.#.................
.....~..~#...#######.......
##~~.~~......# #....###
.).~.~~~..... #....# .


You could see an orc (inner flame).

Vanquished Creatures
  An ogre (D:4)
  A bullfrog (D:4)
  2 orc priests (D:3)
  2 jellies (D:4)
  An iguana (D:4)
  2 orc wizards (D:3)
  Robin (D:2)
  2 adders (D:2)
  7 gnolls (D:3)
  13 orcs
  6 endoplasms
  5 giant cockroaches
  14 goblins
  9 hobgoblins
  11 jackals
  6 kobolds
  6 quokkas
  5 ball pythons
  4 bats
  4 frilled lizards
  4 rats
106 creatures vanquished.

Notes
Turn   | Place    | Note
-------+----------+-------------------------------------------
     0 | D:1      | Heoruswealwe the Deep Elf Conjurer began the quest for the
                  | Orb.
     0 | D:1      | Reached XP level 1. HP: 10/10 MP: 6/6
   223 | D:1      | Reached XP level 2. HP: 15/15 MP: 4/8
   334 | D:1      | Found a faded altar of an unknown god.
   338 | D:1      | Prayed at the altar of an unknown god.
   338 | D:1      | Became a worshipper of Sif Muna the Loreminder
   338 | D:1      | Reached * piety under Sif Muna
   651 | D:1      | Reached skill level 5 in Conjurations
   651 | D:1      | Reached XP level 3. HP: 19/19 MP: 5/10
  1590 | D:2      | Noticed Robin
  1610 | D:2      | Killed Robin
  1611 | D:2      | Reached XP level 4. HP: 15/24 MP: 0/12
  2005 | D:2      | Reached ** piety under Sif Muna
  2339 | D:2      | Gained mutation: You sometimes lose your temper in combat.
                  | [potion of mutation]
  2339 | D:2      | Gained mutation: You have supernaturally acute eyesight.
                  | (SInv) [potion of mutation]
  2339 | D:2      | Gained mutation: You have sharp toenails. [potion of
                  | mutation]
  2340 | D:2      | Lost mutation: You sometimes lose your temper in combat.
                  | [potion of mutation]
  2340 | D:2      | Lost mutation: You have sharp toenails. [potion of
                  | mutation]
  2340 | D:2      | Gained mutation: You are clumsy. (Dex -2) [potion of
                  | mutation]
  2372 | D:2      | Learned a level 2 spell: Searing Ray
  2411 | D:3      | Reached skill level 5 in Spellcasting
  2437 | D:3      | Reached XP level 5. HP: 19/28 MP: 10/14
  2880 | D:3      | Reached XP level 6. HP: 8/32 MP: 11/17
  3189 | D:3      | Lost mutation: You have supernaturally acute eyesight.
                  | (SInv) [potion of mutation]
  3189 | D:3      | Lost mutation: You are clumsy. (Dex -2) [potion of
                  | mutation]
  3189 | D:3      | Gained mutation: You have a pair of small horns on your
                  | head. [potion of mutation]
  3189 | D:3      | Lost mutation: You have a pair of small horns on your head.
                  | [potion of mutation]
  3487 | D:4      | Reached *** piety under Sif Muna
  3489 | D:4      | Reached XP level 7. HP: 32/36 MP: 10/19
  3559 | D:4      | Killed by an exploding iguana... ignited by their inner
                  | flame

Illustrated notes

Levels and vault maps discovered:
D:1:      dpeg_arrival_morbid_curiosity, layout_rooms,
          shapermc_ecumenical_altar_mp_vishouse, kennysheep_nondescript
D:2:      layout_basic, uniq_robin
D:3:      layout_rooms, chequers_serial_rivers_micro_d, grunt_ministairs_7
D:4:      layout_basic, kiku_gazebo_garden_becter,
          chequers_serial_rivers_small_3, minmay_crossroads, uniq_menkaure

Skill      XL: |  1  2  3  4  5  6 |
---------------+-------------------+-----
Spellcasting   | 4 5 6 7 |  7.4
Conjurations   | 5 6 7 |  7.2
Dodging        | |  2.4
Stealth        | |  2.4

Action                   |  1- 3 |  4- 6 |  7- 9 || total
-------------------------+-------+-------+-------++-------
Melee: Mace              |    20 |       |       ||    20
       Short sword       |    10 |    10 |       ||    20
       Falchion          |       |    19 |     8 ||    27
 Cast: Magic Dart        |    68 |   119 |    18 ||   205
       Searing Ray       |       |     7 |       ||     7
  Use: Scroll            |     7 |     3 |     1 ||    11
       Potion            |     4 |     6 |     1 ||    11
Armor: Robe              |     9 |     3 |       ||    12
       Animal skin       |       |    10 |     2 ||    12
       Skin              |       |       |    23 ||    23
Dodge: Dodged            |    29 |    28 |     3 ||    60
